 Dungeon Crawl Stone Soup version 0.28-a0-1130-gc51a68064b (webtiles) character file.

Game seed: 16731653712116623833

1038 spaghetti the Slicer (level 8, -3/52 HPs)
             Began as an Octopode Berserker on Dec 12, 2021.
             Was a Priest of Trog.
             Slain by a two-headed ogre (17 damage)
             ... on level 5 of the Dungeon.
             The game lasted 00:08:52 (4675 turns).

spaghetti the Slicer (Octopode Berserker)           Turns: 4675, Time: 00:08:53

Health: -3/52      AC:  1    Str: 22    XL:     8   Next: 24%
Magic:  8/8        EV: 19    Int:  9    God:    Trog [***...]
Gold:   232        SH:  0    Dex: 14    Spells: 7/7 levels left

rFire   . . .      SeeInvis .   q - +1 dagger (venom) {short}
rCold   . . .      Faith    .   (no shield)
rNeg    . . .      Spirit   .   (helmet restricted)
rPois   .          Reflect  .   s - amulet of regeneration {@e2}
rElec   .          Harm     .   j - ring of resist corrosion
rCorr   +          Rampage  .   w - +4 ring of evasion
Will    .....                   z - +6 ring of strength
Stlth   ++........              (no ring)
HPRegen 0.97/turn               (no ring)
MPRegen 0.11/turn               (no ring)
                                (no ring)
                                (no ring)

@: on berserk cooldown, slowed, very slow
A: almost no armour, amphibious, 8 rings, camouflage 1, gelatinous body 1,
(nimble swimmer 1), tentacles
a: Renounce Religion, Berserk, Trog's Hand


You were on level 5 of the Dungeon.
You worshipped Trog.
Trog was most pleased with you.
You visited 1 branch of the dungeon, and saw 5 of its levels.

You collected 256 gold pieces.
You spent 24 gold pieces at shops.


Innate Abilities, Weirdness & Mutations

You cannot wear most types of armour.
You are amphibious.
You can wear up to eight rings at the same time.
Your skin changes colour to match your surroundings (Stealth+).
Your rubbery body absorbs attacks. (AC +1, EV +1)
((You are camouflaged near water. (Stealth+)))
You have tentacles for arms and can constrict up to eight enemies at once.


   Skills:
 - Level 3.0 Fighting
 + Level 8.2(8.5) Short Blades
 - Level 3.0(6.0) Long Blades
 - Level 5.2 Dodging


You had 7 spell levels left.
You didn't know any spells.
Your spell library contained the following spells:

 Spells                   Type           Power      Damage    Failure   Level
 Magic Dart               Conj           0%         1d3       38%         1
 Ensorcelled Hibernation  Hex/Ice        0%         N/A       52%         2
 Searing Ray              Conj           0%         2d4       52%         2
 Tukima's Dance           Hex            0%         N/A       77%         3
 Fulminant Prism          Conj/Hex       0%         3d6       99%         4

Inventory:

Hand Weapons
 a - a +0 falchion {long}
 p - a +0 dagger of venom {short}
   (You took it off a goblin on level 3 of the Dungeon)
 q - a +1 dagger of venom (weapon) {short}
   (You took it off a goblin on level 3 of the Dungeon)
Missiles
 c - 72 sling bullets
 d - 138 stones (quivered) {throwing}
 l - 78 arrows
 m - 22 poisoned darts {throwing}
 r - 6 boomerangs {throwing}
 x - a throwing net {=f!fthrowing}
Magical Staves
 v - a staff of poison {forbidden!astaff}
   (You found it on level 5 of the Dungeon)
Jewellery
 g - an amulet of magic regeneration {@e2}
   (You found it on level 1 of the Dungeon)
 j - a ring of resist corrosion (left tentacle)
   (You found it on level 1 of the Dungeon)
 s - an amulet of regeneration (around mantle) {@e2}
   (You found it on level 3 of the Dungeon)
 u - an amulet of reflection
   (You found it on level 4 of the Dungeon)
 w - a +4 ring of evasion (right tentacle)
   (You found it on level 4 of the Dungeon)
 z - a +6 ring of strength (on tentacle)
   (You found it on level 5 of the Dungeon)
Wands
 y - a wand of iceblast (11)
   (You found it on level 5 of the Dungeon)
Scrolls
 e - a scroll of fog
 h - a scroll of teleportation {@r4}
 k - a scroll of amnesia
 n - a scroll of immolation {!r!r}
 o - a scroll of enchant weapon
Potions
 b - 2 potions of ambrosia
 f - a potion of resistance
 i - 2 potions of curing {@q1}
 t - a potion of heal wounds {@q2}
 A - a potion of flight {unknown}

Dungeon Overview and Level Annotations

Branches:
Dungeon (5/15)
 Temple: D:4-7

Altars:
Gozag
Ru
Xom
Yredelemnul
Zin

Shops:
D:3 *   D:4 **

Annotations:
D:3 4 runed translucent doors, meatgazer's ghost, amateur DsAK

### ...
#......#.# ..#
.. ....##..#.#
#.# #
###.#..†..# #.#
. #.#.#.# #.#
## #.....# #.#
#####....# #.#
#.....#### ..#
###.#########.#
###
#....@O.......#
#.##.##########
#. #.# # ..#
####


You could see a two-headed ogre (extremely poisoned).


Message History

There is an open door here.
Found a stone staircase leading down.
Saving game... please wait. 🤖 Initializing magus.rc ...
Options error: Delay interrupt name "hungry" not recognised. (~/.crawlrc:4771) ✅ Successfully initialized magus.rc [v1.9.6] Welcome back, spaghetti the Octopode Berserker.
Trog says: Kill them all!
Press ? for a list of commands and other information.
Unknown command.
Unknown command.
Unknown command.
A black bear comes into view.
A black bear is nearby!
The black bear barely misses you. The black bear claws you.
The black bear closely misses you. 😕 HP[-5]
You take 5 damage, and now have 47/52 hp.
You hit the black bear.
The black bear is poisoned.
You grab the black bear. You constrict the black bear.
The black bear misses you. The black bear claws you.
The black bear barely misses you. 😕 HP[-4]
You take 4 damage, and now have 43/52 hp.
You hit the black bear.
The black bear looks as sick as possible!
You constrict the black bear.
You hit the black bear but do no damage.
You squeeze the black bear!
You constrict the black bear, but do no damage.
The black bear goes berserk! 😕 HP[+1]
You hit the black bear.
The black bear looks as sick as possible!
You squeeze the black bear.
You kill the black bear!
Trog accepts your kill.
Your Short Blades skill increases to level 8! 😕 HP[+1]
You see here a black bear corpse. 😕 HP[+1] Unknown command.
A two-headed ogre comes into view.
It is wielding a +0 giant club and a +0 giant spiked club.
You see here 9 gold pieces. 😎 HP[+6]
Your hp is fully restored (52).
That's the wrong kind of item! (Use * to select it.) Evoke which item? (* to show all) (? for menu, Esc to quit)
Aiming: Iceblast
Press: ? - help, Shift-Dir - straight line, f - you
Okay, then.
Unknown command.
The two-headed ogre shouts in stereo!
A red film seems to cover your vision as you go berserk!
You feel yourself moving faster!
You feel mighty! 😎 HP[+26]
You now have 78 max hp (+26).
Your hp is fully restored (78).
You feel a strong urge to attack something.
You puncture the two-headed ogre!
The two-headed ogre looks as sick as possible!
You hit the two-headed ogre.
The two-headed ogre looks as sick as possible!
The two-headed ogre closely misses you.
The two-headed ogre hits you with a +0 giant spiked club!! 😮 HP[-22]
You take 22 damage, and now have 56/78 hp.
MASSIVE DAMAGE!! (PAUSE)
You puncture the two-headed ogre!
The two-headed ogre looks as sick as possible!
Your squeeze misses the two-headed ogre.
Unknown command. 😮 HP[+1]
You feel a strong urge to attack something.
You see here 9 gold pieces. 😮 HP[+1]
You feel your anger nearly subside.
You are no longer berserk.
You are exhausted.
You feel yourself slow down. 😮 HP[-19]
You now have 52 max hp (-26).
Aiming: Iceblast
Press: ? - help, Shift-Dir - straight line, f - two-headed ogre
Aim: a two-headed ogre, wielding a +0 giant club and a +0 giant spiked club (heavily wounded, extremely poisoned)
The mass of ice explodes!
The iceblast engulfs the two-headed ogre! 😕 HP[+2]
You regained 2 hp, and now have 41/52 hp.
Aiming: Iceblast
Press: ? - help, Shift-Dir - straight line, f/p - two-headed ogre
Aim: a two-headed ogre, wielding a +0 giant club and a +0 giant spiked club (severely wounded, extremely poisoned)
Okay, then.
Okay, then.
Okay, then.
You hit the two-headed ogre.
The two-headed ogre looks as sick as possible!
Your squeeze misses the two-headed ogre.
The two-headed ogre hits you with a +0 giant club!!
Ouch! That really hurt!
* * * LOW HITPOINT WARNING * * *
The two-headed ogre hits you with a +0 giant spiked club!
You die...

Skill      XL: |  1  2  3  4  5  6  7  8 |
---------------+-------------------------+-----
Dodging        | 4 5 |  5.2
Short Blades   | 1 4 5 7 8 |  8.2
Fighting       | |  3.0
Long Blades    | |  3.0

Action                   |  1- 3 |  4- 6 |  7- 9 || total
-------------------------+-------+-------+-------++-------
Melee: Falchion          |    78 |    30 |       ||   108
       Constrict         |    14 |    28 |     3 ||    45
       Tentacles         |     4 |    29 |     8 ||    41
       Dagger            |       |    83 |    26 ||   109
Invok: Berserk           |     1 |     2 |     2 ||     5
       Trog's Hand       |       |       |     1 ||     1
Evoke: Wand              |       |       |     1 ||     1
  Use: Scroll            |       |    10 |       ||    10
       Potion            |       |       |     1 ||     1
 Stab: Sleeping          |    11 |     9 |       ||    20
       Invisible         |       |       |     1 ||     1
Armor: Skin              |     4 |     5 |       ||     9
Dodge: Dodged            |    51 |    59 |    15 ||   125

Levels and vault maps discovered:
D:1:      lemuel_arrival_tunnels, layout_loops_corners,
          chequers_ecumenical_altar_simple
D:2:      layout_loops_cross, minmay_misc_feat_plants, minmay_rat_hole
D:3:      kennysheep_the_goblin_king, layout_loops_ring, dk_yredelemnul_ordeal,
          lemuel_crystal_altar, ebering_ghost_gozag, serial_shops,
          nicolae_lakefront_shop, corner_web_ring, minivault_4, uniq_ijyb
D:4:      nicolae_cairo_tiling_very_big, layout_rooms, nicolae_specific_store,
          minivault_14, kennysheep_nondescript, uniq_eustachio
D:5:      layout_basic, grunt_temple_overflow_order_and_chaos_1

Notes
Turn   | Place    | Note
-------+----------+-------------------------------------------
     0 | D:1      | spaghetti the Octopode Berserker began the quest for the
                  | Orb.
     0 | D:1      | Reached XP level 1. HP: 16/16 MP: 1/1
     0 | D:1      | magus.rc [v1.9.6]
   111 | D:1      | Reached XP level 2. HP: 21/21 MP: 2/2
   330 | D:1      | Found a faded altar of an unknown god.
   551 | D:1      | Reached skill level 4 in Dodging
   567 | D:1      | Reached ** piety under Trog
   600 | D:1      | Reached XP level 3. HP: 26/26 MP: 3/3
   622 | D:1      | You pick up a book of Maledictions {forbidden} and begin
                  | reading...
   622 | D:1      | You add the spells Ensorcelled Hibernation and Tukima's
                  | Dance to your library.
  1031 | D:1      | You pick up a book of Conjurations {forbidden@e2} and begin
                  | reading...
  1031 | D:1      | You add the spells Magic Dart, Searing Ray and Fulminant
                  | Prism to your library.
  1878 | D:2      | Reached XP level 4. HP: 21/31 MP: 4/4
  2184 | D:2      | Reached skill level 5 in Dodging
  2346 | D:3      | Found a runed translucent gate.
  2346 | D:3      | Found a runed translucent gate.
  2346 | D:3      | Found a runed translucent gate.
  2347 | D:3      | Found an opulent altar of Gozag.
  2351 | D:3      | Noticed meatgazer's ghost (amateur DsAK)
  2471 | D:3      | Noticed Ijyb
  2537 | D:3      | Killed Ijyb
  2537 | D:3      | Reached *** piety under Trog
  2538 | D:3      | Reached skill level 1 in Short Blades
  2538 | D:3      | Reached XP level 5. HP: 27/36 MP: 5/5
  2685 | D:3      | HP: 2/54 [wyvern skeleton (12)]
  2687 | D:3      | Reached skill level 2 in Short Blades
  3020 | D:3      | Found Dupukkie's Assorted Antiques.
  3053 | D:3      | Found a runed translucent door.
  3053 | D:3      | Noticed a human
  3060 | D:3      | Found a basalt altar of Yredelemnul.
  3242 | D:3      | Reached skill level 3 in Short Blades
  3255 | D:3      | Found a sacrificial altar of Ru.
  3537 | D:4      | Noticed Eustachio
  3552 | D:4      | Killed Eustachio
  3553 | D:4      | Reached skill level 4 in Short Blades
  3553 | D:4      | Reached XP level 6. HP: 42/42 MP: 6/6
  3876 | D:4      | Found Wycear's Specific Store.
  3876 | D:4      | Found Riotzu Dai's General Store.
  3889 | D:4      | Bought a scroll of identify for 24 gold pieces
  4035 | D:5      | Entered Level 5 of the Dungeon
  4067 | D:5      | Reached skill level 5 in Short Blades
  4203 | D:5      | Found a shimmering altar of Xom.
  4234 | D:5      | Reached XP level 7. HP: 46/46 MP: 7/7
  4262 | D:5      | Found a glowing silver altar of Zin.
  4262 | D:5      | Noticed an angel
  4272 | D:5      | Noticed a yak
  4272 | D:5      | Noticed a yak
  4274 | D:5      | Noticed a yak
  4276 | D:5      | Noticed a yak
  4291 | D:5      | Killed a yak
  4292 | D:5      | Reached skill level 6 in Short Blades
  4295 | D:5      | Killed a yak
  4296 | D:5      | Reached skill level 7 in Short Blades
  4298 | D:5      | Killed a yak
  4299 | D:5      | Reached XP level 8. HP: 27/52 MP: 8/8
  4299 | D:5      | HP: 10/78 [yak (17)]
  4620 | D:5      | magus.rc [v1.9.6]
  4643 | D:5      | Reached skill level 8 in Short Blades
  4662 | D:5      | Noticed a two-headed ogre
  4675 | D:5      | Slain by a two-headed ogre

Vanquished Creatures
  Eustachio (D:4)
  3 yaks (D:5)
  A black bear (D:5)
  A wyvern skeleton (D:3)
  A howler monkey (D:5)
  An orc priest (D:5)
  Ijyb (D:3)
  3 orc wizards (D:5)
  5 adders
  4 dart slugs
  2 orcs (D:5)
  8 bats
  7 endoplasms
  4 giant cockroaches
  12 goblins
  6 hobgoblins
  4 quokkas
  9 ball pythons
  6 frilled lizards
  A goblin skeleton (D:3)
  5 kobolds
  22 rats
107 creatures vanquished.

Table legend:
 A = Non-vault XP
 B = Vault XP
 C = Vault XP percentage of total XP
 D = Non-vault monster count
 E = Vault monster count
 F = Vault count percentage of total count
                 A         B        C        D         E       F
            +---------+---------+-------+---------+---------+-------
      Total |    1207 |     277 |  18.7 |      79 |      28 |  26.2
            +---------+---------+-------+---------+---------+-------
        D:1 |      46 |       0 |   0.0 |      30 |       0 |   0.0
        D:2 |      50 |      20 |  28.6 |      14 |      19 |  57.6
        D:3 |     103 |      49 |  32.2 |      13 |       8 |  38.1
        D:4 |      43 |     208 |  82.9 |      10 |       1 |   9.1
        D:5 |     965 |       0 |   0.0 |      12 |       0 |   0.0
            +---------+---------+-------+---------+---------+-------

Illustrated notes

Table legend:
 A = Kills in this place as a percentage of kills in entire the game.
 B = Kills by you in this place as a percentage of kills by you in the entire game.
 C = Kills by friends in this place as a percentage of kills by friends in the entire game.
 D = Other kills in this place as a percentage of other kills in the entire game.
 E = Experience gained in this place as a percentage of experience gained in the entire game.
 F = Experience gained in this place divided by the number of levels of this place that you have seen.
                   A       B       C       D       E      F
               +-------+-------+-------+-------+-------+----------------------
         Total | 100.0 | 100.0 |   N/A |   N/A | 100.0 | 296.8
       Dungeon | 100.0 | 100.0 |   N/A |   N/A | 100.0 | 296.8
               +-------+-------+-------+-------+-------+----------------------

Table legend: (Time is in decaauts)
 A = Elapsed time spent in this place.
 B = Non-inter-level travel time spent in this place.
 C = Inter-level travel time spent in this place.
 D = Time resting spent in this place.
 E = Time spent auto-exploring this place.
 F = Levels seen in this place.
 G = Mean time per level.
                   A        B        C        D        E       F      G
               +--------+--------+--------+--------+--------+-----+--------+
         Total |   4705 |   4613 |     92 |   1015 |   2902 |   5 |  941.0 |
       Dungeon |   4705 |   4613 |     92 |   1015 |   2902 |   5 |  941.0 |
               +--------+--------+--------+--------+--------+-----+--------+

Top non-repeatable levels by time:
     D:1: 1379 daAuts
     D:3: 1169 daAuts
     D:2: 994 daAuts
     D:4: 629 daAuts
     D:5: 531 daAuts
